 Dungeon Crawl Stone Soup version 0.30-a0-305-g026cb31310 (webtiles) character file.

Game seed: 16521739046748926233

11 Pooter the Caller (level 2, 0/11 HPs)
             Began as a Felid Summoner on Oct 22, 2022.
             Slain by a hobgoblin (2 damage)
             ... on level 2 of the Dungeon.
             The game lasted 00:06:26 (368 turns).

Pooter the Caller (Felid Summoner)                   Turns: 368, Time: 00:06:26

Health: 0/11       AC:  1    Str:  4    XL:     2   Next: 13%
Magic:  4/6        EV: 17    Int: 16    God:
Gold:   7          SH:  0    Dex: 16    Spells: 2/5 levels left
                                        Lives:  0   Deaths: 0

rFire   . . .      SeeInvis +    (weapon unavailable)
rCold   . . .      Faith    .    (shield unavailable)
rNeg    . . .      Spirit   .    (body armour unavailable)
rPois   .          Reflect  .    (helmet unavailable)
rElec   .          Harm     .    (cloak unavailable)
rCorr   .          Rampage  .    (gloves unavailable)
Will    .....                    (boots unavailable)
Stlth   ++........               (no amulet)
HPRegen 0.21/turn                (no ring)
MPRegen 0.10/turn                (no ring)

@: quick
A: very small, claws 1, fangs 3, see invisible, speed 1, shaggy fur 1, stealthy
paws, no weapons or thrown items, no armour, multi-lived
a: no special abilities


You were on level 2 of the Dungeon.
You visited 1 branch of the dungeon, and saw 2 of its levels.

You collected 7 gold pieces.

Inventory:

Scrolls
 b - a scroll of fog {unknown}
Potions
 a - a potion of magic


   Skills:
 - Level 2.6 Dodging
 - Level 2.6 Stealth
 + Level 2.2 Spellcasting
 * Level 4.3 Summonings


You had 2 spell levels left.
You knew the following spells:

 Your Spells              Type           Power      Damage    Failure   Level
a - Summon Small Mammal   Summ           60%        N/A       3%          1
b - Call Imp              Summ           15%        N/A       4%          2

Your spell library contained the following spells:

 Spells                   Type           Power      Damage    Failure   Level
 Call Canine Familiar     Summ           15%        N/A       10%         3
 Summon Guardian Golem    Hex/Summ       8%         N/A       24%         3
 Summon Lightning Spire   Summ/Air       8%         N/A       63%         4


Dungeon Overview and Level Annotations

Branches:
Dungeon (2/15)

Altars:


Innate Abilities, Weirdness & Mutations

You have sharp claws.
You have razor-sharp teeth.
You have supernaturally acute eyesight. (SInv)
You cover ground quickly. (Speed+)
You are covered in fur. (AC +1)
Your paws help you pounce on unaware monsters.
You are incapable of wielding weapons or throwing items.
You cannot wear armour.
You gain extra lives every three experience levels.


Message History

A beastly little devil appears in a puff of flame.
* * * LOW MAGIC WARNING * * *
* * * LOW MAGIC WARNING * * *
There are no items here.
There are no items here.
Your crimson imp blinks!
Your crimson imp blinks!
You scratch the goblin. The goblin hits you with a +0 dagger.
The jackal bites your rat.
Your crimson imp hits the jackal.
Your rat bites the jackal.
You scratch the goblin.
You kill the goblin!
The jackal closely misses your rat.
Your crimson imp misses the jackal.
The jackal bites your rat.
Your rat dies!
Your rat's corpse disappears in a puff of smoke!
A jackal and a hobgoblin come into view.
Found a stone staircase leading down.
The hobgoblin shouts!
You hear a bark!
A jackal comes into view. x2
You see here a +0 dagger.
A jackal and a kobold come into view.
The jackal barks! x3
There is a stone staircase leading down here.
The kobold misses you.
You climb downwards.
There is a stone staircase leading up here.
* * * LOW MAGIC WARNING * * *
The kobold hits you but does no damage.
You closely miss the kobold. The kobold closely misses you.
Your rat closely misses the kobold.
You closely miss the kobold. The kobold closely misses you.
Your rat bites the kobold but does no damage.
You completely miss the kobold. You bite the kobold.
You kill the kobold!
You start resting.
Your rat disappears in a puff of smoke!
You climb upwards.
The endoplasm quivers.
The hobgoblin hits you. The jackal misses you. The jackal bites you.
There is a stone staircase leading down here.
The jackal bites you.
* * * LOW HITPOINT WARNING * * *
The hobgoblin hits you.
* * * LOW HITPOINT WARNING * * *
The jackal barely misses you.
You climb downwards.
There is a stone staircase leading up here.
Nothing appears to happen.
The hobgoblin hits you.
You die...

...
#.#
#.#
#.#
#h#
#h#
#g#
#@#
###


You could see 2 jackals and a hobgoblin.

Vanquished Creatures
  A ball python (D:1)
  An endoplasm (D:1)
  A hobgoblin (D:1)
  A goblin (D:1)
  A kobold (D:2)
5 creatures vanquished.

Vanquished Creatures (collateral kills)
  2 endoplasms (D:1)
  A goblin (D:1)
  A ball python (D:1)
  A frilled lizard (D:1)
5 creatures vanquished.

Grand Total: 10 creatures vanquished

Notes
Turn   | Place    | Note
-------+----------+-------------------------------------------
     0 | D:1      | Pooter the Felid Summoner began the quest for the Orb.
     0 | D:1      | Reached XP level 1. HP: 7/7 MP: 4/4
    10 | D:1      | Noticed a bullfrog
   186 | D:1      | Reached XP level 2. HP: 11/11 MP: 4/6
   189 | D:1      | Learned a level 2 spell: Call Imp
   368 | D:2      | Slain by a hobgoblin

Illustrated notes

Levels and vault maps discovered:
D:1:      evilmike_arrival_come_back, layout_loops_ring
D:2:      layout_basic, serial_shops, shop, serial_bayou, serial_bayou_shore_b,
          serial_bayou_ford_a, serial_bayou_pond_d, serial_bayou_lagoon_a,
          uniq_terence

Action                   || total
-------------------------++-------
Melee: Unarmed           ||    12
       Bite              ||     3
 Cast: Summon Small Mamm ||    14
       Call Imp          ||     3
Armor: Skin              ||     1
Dodge: Dodged            ||    12

Table legend: (Time is in decaauts)
 A = Elapsed time spent in this place.
 B = Non-inter-level travel time spent in this place.
 C = Inter-level travel time spent in this place.
 D = Time resting spent in this place.
 E = Time spent auto-exploring this place.
 F = Levels seen in this place.
 G = Mean time per level.
                   A        B        C        D        E       F      G
               +--------+--------+--------+--------+--------+-----+--------+
         Total |    337 |    337 |      0 |     81 |     80 |   2 |  168.5 |
       Dungeon |    337 |    337 |      0 |     81 |     80 |   2 |  168.5 |
               +--------+--------+--------+--------+--------+-----+--------+

Top non-repeatable levels by time:
     D:1: 276 daAuts
     D:2: 60 daAuts
